 Dungeon Crawl Stone Soup version 0.30.0-29-ga12c61a403 (webtiles) character file.

Game seed: 8039218590341714075

334 Sabo the Gusty (level 6, 0/46 HPs)
             Began as a Demigod Air Elementalist on June 4, 2023.
             Slain by a scorpion (4 damage)
             ... on level 3 of the Dungeon.
             The game lasted 00:21:58 (4346 turns).

Sabo the Gusty (Demigod Air Elementalist)           Turns: 4346, Time: 00:21:59

Health: 0/46       AC:  4    Str: 12    XL:     6   Next: 6%
Magic:  8/13       EV: 12    Int: 22    God:
Gold:   158        SH:  0    Dex: 18    Spells: 8/11 levels left

rFire   . . .        p - +6 trident "Qoha" {flame, rC+ Str+3 Int-3 Dex+4}
rCold   + . .        (no shield)
rNeg    . . .        q - +0 robe
rPois   .            r - +2 hat
rElec   .            (no cloak)
rCorr   .            (no gloves)
SInv    .            (no boots)
Will    .....        (no amulet)
Stlth   ++           (no ring)
HPRegen 0.27/turn    (no ring)
MPRegen 0.13/turn

%: no passive effects
@: lethally poisoned (0 -> -10)
A: high MP 1, forlorn, divine attributes
a: no special abilities


You were on level 3 of the Dungeon.
You visited 1 branch of the dungeon, and saw 4 of its levels.

You collected 158 gold pieces.

Inventory:

Hand Weapons
 i - a +1 whip of venom
 n - a +0 sling
 p - the +6 trident "Qoha" (weapon) {flame, rC+ Str+3 Int-3 Dex+4}
   (You found it on level 2 of the Dungeon)

   Str:       It affects your strength (+3).
   Int:       It affects your intelligence (-3).
   Dex:       It affects your dexterity (+4).
   rC:        It protects you from cold.
Missiles
 s - 2 boomerangs
Armour
 c - a scarf of harm
 l - a +0 leather armour
 q - a +0 robe (worn)
 r - a +2 hat (worn)
Scrolls
 a - 2 scrolls of poison
 e - a scroll of amnesia {unknown}
 h - a scroll of fog
 k - 5 scrolls of teleportation
 m - a scroll of magic mapping {unknown}
 o - a scroll of blinking {unknown}
 u - a scroll of vulnerability {unknown}
Potions
 b - a potion of magic
 d - 3 potions of brilliance
 f - a potion of lignification
 g - a potion of haste
 j - a potion of cancellation {unknown}
 t - a potion of heal wounds {unknown}
 v - 2 potions of curing {unknown}


   Skills:
 + Level 0.6 Fighting
 + Level 0.9 Short Blades
 + Level 0.7 Polearms
 + Level 0.2 Ranged Weapons
 + Level 2.2 Dodging
 + Level 2.2 Stealth
 + Level 3.2 Spellcasting
 + Level 2.6 Conjurations
 + Level 4.0 Air Magic


You had 8 spell levels left.
You knew the following spells:

 Your Spells              Type           Power      Damage    Failure   Level
a - Shock                 Conj/Air       72%        1d7       3%          1
b - Static Discharge      Conj/Air       36%        2-4/arc   4%          2

Your spell library contained the following spells:

 Spells                   Type           Power      Damage    Failure   Level
 Swiftness                Air            21%        N/A       7%          3
 Airstrike                Air            10%        2d(2-18)  22%         4


Dungeon Overview and Level Annotations

Branches:
Dungeon (4/15)
 Temple: D:4-7


Innate Abilities, Weirdness & Mutations

You have an increased reservoir of magic. (+10% MP)
You shall have no god before yourself.
Your divine heritage dramatically boosts your attributes as you level up.


Message History

The ogre hits you with a +0 giant club!!
Ouch! That really hurt!
The scorpion closely misses you.
You climb upwards.
There is a stone staircase leading down here.
You feel stronger.
You feel stupid.
You feel agile.
The +6 trident "Qoha" {flame, rC+ Str+3 Int-3 Dex+4} bursts into flame!
p - the +6 trident "Qoha" (weapon)
{flame, rC+ Str+3 Int-3 Dex+4} The scorpion closely misses you.
You puncture the ogre! You burn the ogre.
You kill the ogre!
The scorpion barely misses you.
Your Air Magic skill increases to level 4!
You have reached level 6!
Your experience leads to a dramatic increase in your attributes!
Your base attributes are Str 9, Int 21, Dex 14.
Increase (S)trength, (I)ntelligence, or (D)exterity?
You feel clever. x4
You barely miss the scorpion. The scorpion stings you! The scorpion stings you.
* * * LOW HITPOINT WARNING * * *
You closely miss the scorpion. The scorpion barely misses you.
You barely miss the scorpion. The scorpion stings you.
* * * LOW HITPOINT WARNING * * *
The scorpion stings you.
* * * LOW HITPOINT WARNING * * *
You are poisoned.
The scorpion poisons you!
Your magical contamination has completely faded away.
You barely miss the scorpion.
You feel very sick. The scorpion closely misses you.
You puncture the scorpion! You burn the scorpion.
The scorpion is almost dead.
You feel sick. The scorpion stings you.
* * * LOW HITPOINT WARNING * * *
You are lethally poisoned!
The scorpion poisons you! The scorpion stings you.
You die...

.....# ##.##.....### .....#
#........# .....######........##
#######............<#
.........####......##########
§.......## #...............#####
........# ###...#########.##...
§......## #.s## #.##.#. ≈§§....#
#)@# ########....#. §§§....#
####.## #............. .8§....#
##....## #.###.###.#.#.
≈≈.....####..##..###...#.#...#.#.
§≈..)..#.....###.....###.###.###.
§......#.###.# #####.............
.........# #.#### #.............
........## #....# #.#.#.###.###.
........# ####.# #.#.#...#...#.


You could see a scorpion.

Vanquished Creatures
  An ogre (D:3)
  3 iron imps (D:3)
  An orc priest (D:3)
  Jessica (D:2)
  4 adders
  2 worms (D:3)
  3 dart slugs
  5 orcs (D:3)
  5 endoplasms
  2 giant cockroaches
  2 goblins (D:2)
  4 hobgoblins
  6 jackals
  9 kobolds
  4 ball pythons
  8 bats
  2 frilled lizards (D:3)
  9 rats
71 creatures vanquished.

Notes
Turn   | Place    | Note
-------+----------+-------------------------------------------
     0 | D:1      | Sabo the Demigod Air Elementalist began the quest for the
                  | Orb.
     0 | D:1      | Reached XP level 1. HP: 14/14 MP: 5/5
   109 | D:1      | Reached skill level 3 in Air Magic
   212 | D:1      | Reached XP level 2. HP: 20/20 MP: 0/7
   504 | D:1      | Reached skill level 1 in Conjurations
  1165 | D:2      | Reached XP level 3. HP: 7/26 MP: 1/8
  1456 | D:2      | Identified the +6 trident "Qoha" {flame, rC+ Str+3 Int-3
                  | Dex+4}
  1503 | D:2      | Noticed Jessica
  1508 | D:2      | Killed Jessica
  1652 | D:2      | Reached XP level 4. HP: 33/33 MP: 3/10
  2885 | D:3      | Learned a level 2 spell: Static Discharge
  3599 | D:3      | Reached XP level 5. HP: 17/39 MP: 11/11
  4286 | D:4      | Noticed an ogre
  4341 | D:3      | Killed an ogre
  4342 | D:3      | Reached skill level 4 in Air Magic
  4342 | D:3      | Reached XP level 6. HP: 22/46 MP: 7/13
  4346 | D:3      | Slain by a scorpion

Illustrated notes

Levels and vault maps discovered:
D:1:      lightli_arrival_lavapool, layout_rooms
D:2:      layout_basic, shapermc_ecumenical_altar_totnotflames, uniq_jessica
D:3:      layout_basic, demons_altar, kiku_gazebo_garden_becter,
          minmay_misc_feat_nine_boxes
D:4:      layout_cave_pods, serial_undead, serial_undead_e, serial_undead_b,
          serial_undead_f, serial_undead_c

Skill      XL: |  1  2  3  4  5 |
---------------+----------------+-----
Air Magic      | 3 4 |  4.0
Stealth        | 2 |  2.2
Spellcasting   | 2 3 |  3.2
Conjurations   | 1 2 |  2.6
Dodging        | 2 |  2.2
Fighting       | |  0.6
Short Blades   | |  0.9
Polearms       | |  0.7
Ranged Weapons | |  0.2

Action                     |  1- 3 |  4- 6 || total
---------------------------+-------+-------++-------
  Melee: Whip              |    12 |       ||    12
         Short sword       |    26 |    10 ||    36
         Trident           |       |    22 ||    22
   Fire: Sling             |       |     3 ||     3
   Cast: Shock             |    70 |    70 ||   140
    Use: Scroll            |     5 |     3 ||     8
 Armour: Robe              |    19 |     7 ||    26
  Dodge: Dodged            |    63 |    32 ||    95
